Map: New Repugnancy LE

Players

Minatoeh (Minato) - Winner!

  • Race: Zerg Zerg
  • Spawn Location: 1:00

BuRning

  • Race: Terran Terran
  • League: Master
  • Spawn Location: 7:00

Event: 2019 WCS Spring

VOD

Have the link to the VOD?

Description

Time

  • Played on: May 17, 2019, 8:04 a.m.
  • Length: 25:52

All games in this series

Show
View Real Time Build Order
Export as new Build Order

Minatoeh Zerg - Winner!

Build Orders: Pool First 

Get SALT Encoding   

  12  0:00  Drone  
  13  0:12  Overlord  
  13  0:16  Drone  
  14  0:30  Drone x2  
  14  0:35  Extractor  
  15  0:43  Spawning Pool  
  15  0:47  Drone  
  15  0:50  Drone  
  16  1:02  Overlord  
  16  1:31  Zergling x6, Spine Crawler  
  18  1:34  Roach Warren  
  17  1:45  Queen  
  19  2:00  Drone  
  20  2:07  Extractor  
  19  2:14  Roach x2  
  19  2:15  Roach  
  25  2:36  Drone  
  26  2:37  Drone  
  24  2:48  Ravager  
  24  2:49  Ravager x2  
  27  2:53  Drone  
  28  3:01  Metabolic Boost  
  28  3:18  Hatchery  
  27  3:24  Drone x2  
  29  3:27  Drone  
  30  3:42  Overlord  
  30  3:43  Overlord  
  27  3:50  Drone x2  
  27  3:54  Drone  
  30  4:00  Queen  
  32  4:08  Zergling x2  
  33  4:11  Zergling x4  
  33  4:12  Zergling x2  
  33  4:17  Zergling x2  
  37  4:27  Zergling x2  
  38  4:32  Zergling x2  
  39  4:39  Zergling x8  
  39  4:44  Zergling x2  
  44  4:55  Overlord  
  44  4:57  Hatchery  
  44  4:58  Drone  
  44  5:00  Drone  
  44  5:05  Drone x2  
  47  5:08  Drone  
  48  5:17  Drone x4  
  48  5:19  Drone  
  52  5:25  Overlord  
  52  5:30  Queen  
  52  5:36  Drone x3  
  52  5:38  Drone  
  52  5:40  Drone  
  52  5:42  Drone  
  58  5:44  Drone  
  59  5:52  Evolution Chamber  
  59  5:53  Evolution Chamber  
  59  5:56  Drone x4  
  61  6:04  Overlord  
  61  6:12  Hatchery  
  61  6:18  Zerg Ground Armor Level 1  
  60  6:19  Zergling x2  
  60  6:21  Zergling x2  
  60  6:25  Zergling x4  
  64  6:26  Zergling x2  
  64  6:28  Zergling x2  
  64  6:31  Zergling x4  
  68  6:35  Zerg Melee Weapons Level 1  
  68  6:36  Zergling x2  
  69  6:41  Zergling x6  
  69  6:45  Zergling x2  
  69  6:46  Zergling x6  
  76  6:50  Zergling x6  
  76  6:53  Zergling x4  
  76  6:54  Zergling x2  
  81  7:02  Overlord x3  
  79  7:16  Zergling x6  
  79  7:20  Zergling x2  
  79  7:21  Zergling x12  
  90  7:22  Zergling x2  
  90  7:25  Zergling x2  
  90  7:28  Zergling x2  
  90  7:29  Zergling x4  
  94  7:33  Zergling x6  
  91  7:42  Zergling x6  
  86  7:50  Zergling x4  
  88  7:53  Zergling x2  
  88  7:54  Zergling x2  
  88  7:57  Hatchery  
  87  8:03  Zergling x4  
  87  8:04  Zergling x14  
  91  8:11  Zergling x2  
  86  8:16  Zergling x6  
  73  8:21  Zergling x8  
  73  8:26  Zergling x10  
  75  8:30  Zergling x4  
  75  8:33  Zergling x2  
  75  8:39  Zergling x4  
  68  8:42  Drone  
  69  8:51  Zergling x12  
  75  9:00  Drone x3  
  78  9:04  Drone x2  
  78  9:05  Drone  
  81  9:11  Queen, Drone x6  
  81  9:12  Drone x2  
  81  9:15  Queen  
  93  9:17  Lair  
  93  9:18  Extractor, Drone x2  
  93  9:19  Drone  
  93  9:20  Drone x3  
  93  9:21  Drone x2  
  100  9:27  Drone x2  
  100  9:28  Baneling Nest  
  101  9:35  Drone x5  
  101  9:37  Zergling x2  
  101  9:38  Extractor, Zergling x2  
  107  9:41  Zergling x6  
  107  9:44  Zergling x2  
  107  9:45  Zergling x2  
  96  9:53  Drone x2  
  96  9:54  Drone x4  
  96  9:55  Drone x2  
  104  10:00  Zergling x2  
  104  10:01  Zergling x2  
  104  10:03  Drone x4  
  104  10:04  Drone  
  111  10:14  Drone x6  
  117  10:16  Centrifical Hooks  
  117  10:24  Baneling x8  
  114  10:35  Drone x4  
  116  10:37  Overlord x2, Extractor  
  116  10:38  Overlord x3  
  116  10:39  Hydralisk Den  
  116  10:40  Extractor  
  114  10:48  Zerg Melee Weapons Level 2  
  113  10:58  Drone x3  
  113  10:59  Drone x3  
  113  11:02  Queen  
  121  11:08  Hydralisk x3  
  121  11:09  Muscular Augments, Zergling x10  
  121  11:10  Zergling x14  
  121  11:11  Zergling x2  
  139  11:13  Hydralisk  
  139  11:14  Zergling x4  
  143  11:26  Hydralisk x3  
  143  11:27  Zergling x4  
  143  11:36  Drone x3  
  143  11:37  Drone x2  
  147  11:50  Extractor  
  147  11:51  Extractor  
  147  11:54  Drone x3  
  144  11:55  Zerg Ground Armor Level 2, Drone x3  
  147  12:05  Spore Crawler  
  147  12:07  Hydralisk x2  
  147  12:08  Zergling x4  
  149  12:09  Overlord x3  
  149  12:19  Spore Crawler  
  147  12:30  Hydralisk  
  147  12:31  Hydralisk x6, Zergling x10  
  147  12:32  Zergling x6  
  168  12:37  Grooved Spines  
  168  12:38  Baneling x16  
  168  12:39  Hydralisk  
  168  12:40  Zergling x2  
  171  12:47  Hydralisk  
  171  12:48  Zergling x6  
  170  12:52  Hydralisk x2  
  170  12:57  Hydralisk x2, Zergling x4  
  170  13:03  Zergling x2  
  171  13:05  Hydralisk  
  171  13:11  Overlord x3  
  171  13:26  Hydralisk x4  
  171  13:27  Hydralisk x3, Zergling x14  
  153  13:32  Hydralisk  
  153  13:33  Hydralisk x2, Zergling x4  
  156  13:50  Hydralisk x5, Zergling x8  
  156  13:51  Zergling x2  
  161  13:56  Zerg Missile Weapons Level 1  
  161  13:58  Hydralisk, Zergling x4  
  145  14:05  Hydralisk  
  145  14:06  Zergling x4  
  128  14:12  Hydralisk x2  
  128  14:13  Hydralisk, Zergling x4  
  122  14:24  Hydralisk  
  122  14:25  Hydralisk, Zergling x6  
  122  14:29  Hatchery  
  117  14:39  Baneling x4  
  117  14:42  Drone x10  
  117  14:43  Overseer  
  117  14:44  Overseer  
  123  14:57  Hydralisk x4, Zergling x4  
  123  14:58  Zergling x2  
  127  15:11  Infestation Pit, Pneumatized Carapace  
  126  15:16  Hydralisk x2  
  126  15:17  Hydralisk x2, Zergling x8  
  126  15:18  Zergling x2  
  139  15:25  Baneling x6  
  139  15:35  Hydralisk  
  139  15:36  Hydralisk x3, Zergling x8  
  139  15:42  Baneling x10  
  151  15:56  Hydralisk, Zergling x4  
  151  15:57  Zergling x4  
  147  16:02  Hatchery  
  142  16:11  Hydralisk x4, Zergling x2  
  141  16:12  Zergling x4  
  141  16:17  Hive  
  143  16:46  Hydralisk x7, Zergling x8  
  143  16:47  Zergling x10  
  142  16:48  Zergling x2  
  142  16:52  Zerg Missile Weapons Level 2  
  126  17:06  Hydralisk x3, Zergling x6  
  130  17:19  Hydralisk x2  
  130  17:20  Hydralisk x2  
  130  17:21  Overseer  
  138  17:25  Overseer  
  138  17:27  Baneling x6  
  138  17:28  Zergling x4  
  140  17:33  Hydralisk  
  140  17:34  Zergling x6  
  140  17:35  Zergling x2  
  129  17:45  Hydralisk x3  
  129  17:46  Zergling x6  
  135  17:53  Ultralisk Cavern  
  134  18:02  Infestor x5  
  144  18:05  Burrow  
  144  18:12  Hydralisk x2  
  143  18:13  Zergling x6  
  143  18:14  Zergling x2  
  143  18:18  Hydralisk, Zergling x2  
  143  18:19  Zergling x2  
  155  18:22  Hydralisk  
  155  18:23  Zergling x2  
  146  18:39  Hatchery  
  145  18:43  Chitinous Plating  
  145  18:44  Ultralisk  
  151  18:53  Zerg Melee Weapons Level 3  
  151  18:56  Adrenal Glands  
  157  19:10  Ultralisk  
  157  19:14  Zerg Ground Armor Level 3  
  152  19:29  Ultralisk, Zergling x6  
  152  19:30  Zergling x2  
  146  19:38  Hydralisk x2  
  146  19:39  Zergling x4  
  144  19:48  Zergling x12  
  155  20:00  Ultralisk, Zergling x2  
  155  20:17  Hatchery  
  154  20:26  Anabolic Synthesis  
  154  20:29  Ultralisk, Zergling x10  
  157  20:48  Ultralisk, Zergling x4  
  157  20:49  Zergling x10  
  149  20:51  Zergling x4  
  149  20:54  Zergling x4  
  128  20:59  Zergling x2  
  128  21:00  Zergling x8  
  127  21:04  Baneling x6  
  127  21:08  Baneling x3  
  127  21:09  Baneling x4  
  127  21:15  Infestor x5  
  127  21:19  Hydralisk  
  127  21:20  Hydralisk x2  
  133  21:28  Hydralisk  
  133  21:29  Hydralisk x2  
  133  21:30  Hydralisk  
  127  21:43  Hydralisk x2  
  127  21:44  Hydralisk, Zergling x8  
  132  21:56  Zergling x2  
  132  21:57  Ultralisk, Zergling x4  
  130  22:07  Ultralisk, Zergling x4  
  128  22:09  Zergling x2  
  114  22:29  Ultralisk, Zergling x12  
  121  22:30  Zergling x2  
  111  22:45  Baneling x6  
  111  22:46  Baneling x6  
  104  23:11  Hydralisk  
  104  23:12  Hydralisk x10  
  114  23:25  Ultralisk, Zergling x6  
  109  23:29  Zergling x2  
  109  23:30  Zergling x4  
  109  23:31  Zergling x2  
  97  23:47  Hatchery  
  96  23:53  Infestor x4  
  101  24:05  Drone x7  
  101  24:08  Overseer x2  
  108  24:12  Drone x2  
  108  24:14  Baneling x3  
  110  24:17  Baneling x2  
  110  24:18  Baneling  
  110  24:27  Ultralisk  
  109  24:49  Ultralisk, Zergling x12  
  109  24:50  Zergling x4  
  123  25:00  Drone x5, Spire  
  123  25:05  Drone x3  
  123  25:06  Drone x2  
  132  25:08  Drone  
Show
View Real Time Build Order
Export as new Build Order

BuRning Terran 

Build Orders:  

Get SALT Encoding   

  12  0:00  SCV  
  13  0:13  SCV  
  14  0:18  Supply Depot  
  14  0:25  SCV  
  15  0:40  Barracks  
  15  0:50  Refinery  
  15  0:57  Barracks  
  15  1:00  SCV  
  16  1:13  SCV  
  16  1:14  Refinery  
  17  1:25  SCV  
  18  1:27  Marine  
  19  1:39  Orbital Command  
  19  1:44  Reaper  
  21  1:47  Reaper  
  21  2:00  Bunker  
  21  2:06  Supply Depot  
  21  2:18  Factory  
  21  2:26  SCV  
  21  2:29  Bunker  
  21  2:47  SCV  
  21  2:51  Bunker  
  22  3:05  SCV, Bunker  
  23  3:11  Factory Tech Lab  
  23  3:17  SCV  
  24  3:23  Marine x2  
  26  3:27  Starport  
  26  3:29  SCV, Supply Depot  
  26  3:38  Cyclone  
  29  3:42  SCV  
  30  3:55  Command Center  
  30  3:56  SCV  
  30  4:02  Barracks Reactor  
  32  4:04  Starport Tech Lab  
  32  4:08  SCV  
  32  4:20  SCV  
  33  4:24  Supply Depot  
  33  4:25  Stimpack, Marine  
  34  4:38  SCV  
  35  4:42  Supply Depot  
  35  4:44  Engineering Bay  
  35  4:45  Siege Tank  
  36  4:54  Marine x2  
  36  4:55  Marine  
  36  4:56  SCV  
  40  5:06  Medivac  
  42  5:10  Bunker  
  42  5:13  Marine x2  
  43  5:21  Orbital Command  
  43  5:27  SCV  
  44  5:30  Terran Infantry Weapons Level 1  
  44  5:38  Orbital Command  
  44  5:40  Marine x2  
  44  5:41  Marine  
  47  5:45  SCV  
  48  5:51  Siege Tank  
  51  5:57  SCV  
  51  5:58  Marine  
  51  6:00  Marine x2  
  51  6:03  SCV  
  56  6:10  Supply Depot  
  56  6:16  Marine  
  56  6:17  Medivac  
  56  6:18  SCV, Marine x2  
  60  6:19  SCV  
  60  6:25  Combat Shield  
  63  6:30  SCV  
  63  6:31  SCV  
  65  6:33  Supply Depot  
  65  6:34  Marine  
  65  6:36  Barracks  
  66  6:46  Marine  
  66  6:47  Marine  
  66  6:52  Marine  
  68  7:02  Starport Reactor  
  68  7:03  SCV x2, Siege Tank  
  68  7:04  Marine x2  
  68  7:05  Supply Depot  
  75  7:09  Marine  
  75  7:15  SCV x2  
  77  7:22  Marine x2  
  79  7:25  Terran Infantry Armor Level 1  
  79  7:27  SCV, Marine  
  79  7:28  SCV  
  80  7:37  Command Center  
  80  7:39  SCV  
  80  7:40  Marine  
  80  7:43  Marine  
  73  7:44  Siege Tank  
  73  7:45  Marine  
  73  7:47  SCV  
  76  7:51  SCV  
  76  7:52  Starport Reactor  
  76  7:53  Supply Depot  
  77  7:59  Marine  
  77  8:00  Marine x2  
  77  8:03  Marine x2  
  65  8:13  SCV  
  65  8:17  Marine x2  
  65  8:18  Marine  
  56  8:21  Marine x2  
  56  8:23  SCV  
  56  8:25  SCV  
  52  8:35  Marine  
  52  8:36  SCV  
  52  8:38  SCV  
  54  8:43  Marine  
  54  8:44  Marine  
  54  8:45  Armory  
  54  8:47  Command Center  
  54  8:48  SCV  
  57  8:51  Marine x2  
  57  8:52  SCV  
  60  8:58  Supply Depot  
  60  9:01  Marine  
  60  9:02  Marine x2  
  63  9:03  SCV  
  63  9:08  SCV  
  65  9:11  Marine x2  
  67  9:17  SCV, Siege Tank  
  67  9:19  Marine  
  67  9:23  SCV  
  73  9:29  Supply Depot  
  73  9:30  SCV  
  73  9:31  Marine x4  
  74  9:34  Terran Infantry Weapons Level 2  
  74  9:36  SCV  
  74  9:37  Marine  
  80  9:55  Marine x5  
  80  9:56  SCV, Siege Tank  
  80  9:57  SCV  
  85  10:02  Refinery  
  85  10:04  Orbital Command  
  85  10:07  Terran Vehicle Weapons Level 1  
  85  10:08  Refinery  
  85  10:12  SCV x2  
  87  10:17  Medivac x2, Marine x2  
  93  10:23  Orbital Command  
  93  10:29  Marine  
  93  10:30  Marine x2  
  93  10:35  SCV x2, Marine x2  
  97  10:47  SCV, Marine, Barracks  
  97  10:48  SCV, Barracks  
  97  10:49  SCV  
  101  10:53  Marine  
  102  10:58  Marine x2  
  102  10:59  SCV  
  105  11:06  Marine x2  
  105  11:07  Siege Tank  
  105  11:08  SCV  
  105  11:10  Engineering Bay  
  105  11:11  SCV, Marine  
  113  11:16  Marine x2  
  115  11:23  Factory  
  115  11:24  Marine x2  
  115  11:40  Marine x3  
  115  11:41  Barracks Reactor  
  115  11:42  Barracks Reactor  
  115  11:43  Terran Infantry Armor Level 2  
  115  11:46  Marine  
  115  11:47  Marine  
  119  11:48  Drilling Claws  
  119  11:49  Widow Mine  
  119  11:50  SCV x3  
  117  11:56  Supply Depot x2  
  117  12:01  Marine x3  
  118  12:02  SCV x2, Medivac  
  118  12:03  Medivac  
  118  12:04  Marine x2  
  124  12:10  Factory Reactor  
  124  12:12  Supply Depot  
  124  12:13  Siege Tank  
  126  12:18  Marine x2  
  126  12:19  Marine x4  
  132  12:24  Terran Infantry Weapons Level 3  
  126  12:36  Marine x3  
  129  12:37  Concussive Shells  
  128  12:53  Marine x4  
  128  12:55  Marauder, Siege Tank, Widow Mine x2  
  140  12:58  Marine  
  140  12:59  Marine  
  140  13:00  SCV x2  
  140  13:03  Command Center  
  144  13:09  Marine x2  
  144  13:10  SCV, Marine  
  147  13:13  Sensor Tower  
  125  13:28  Marine x3  
  125  13:31  Marine x2  
  123  13:37  Marine x2  
  123  13:38  Marine x2  
  123  13:40  Siege Tank, Widow Mine x2  
  121  13:46  Marine x2  
  102  13:50  Marine  
  99  14:01  SCV x2  
  91  14:03  Factory Reactor  
  91  14:09  Marine x4  
  80  14:10  Factory Reactor, Marine  
  80  14:13  SCV x2  
  80  14:14  Marine x3  
  80  14:15  Orbital Command, Marine  
  80  14:16  Siege Tank  
  80  14:25  SCV  
  80  14:27  Marine x3  
  80  14:29  Marine x2  
  83  14:32  Marine x2  
  83  14:33  Marauder  
  86  14:41  Marine  
  86  14:45  Orbital Command, Marine x3  
  89  14:50  Marine x2  
  92  14:57  SCV x2  
  94  15:01  Marauder, Marine  
  97  15:12  Siege Tank  
  97  15:13  SCV x3  
  103  15:19  Marine x2  
  103  15:21  Medivac x2  
  109  15:24  Marine x2  
  109  15:25  SCV x2, Marine  
  112  15:31  Marine x2  
  114  15:37  Command Center, Marine x2  
  114  15:38  Marauder  
  114  15:41  Terran Vehicle And Ship Armor Level 1  
  118  15:46  Marine x2  
  118  15:47  SCV  
  118  15:49  Supply Depot  
  121  15:51  Supply Depot  
  120  15:58  Marine  
  120  15:59  Marauder, Marine x2  
  120  16:00  Siege Tank  
  128  16:10  Terran Infantry Armor Level 3  
  125  16:18  SCV x3, Sensor Tower  
  128  16:19  Missile Turret  
  128  16:22  Missile Turret, Marine x4  
  128  16:23  Marauder  
  134  16:32  Marine x3  
  134  16:33  Siege Tank, Marine  
  117  16:47  Marine x2  
  117  16:49  Marine  
  117  16:50  Marine  
  113  16:56  Marine x2  
  113  16:58  Marine x3  
  113  16:59  SCV  
  113  17:00  SCV  
  115  17:09  Marine x2  
  115  17:14  SCV x3  
  120  17:17  Marauder  
  120  17:21  Marine x4  
  120  17:22  Siege Tank  
  129  17:26  SCV  
  127  17:40  Marine x2  
  125  17:45  Marine x2  
  125  17:46  Marine  
  125  17:47  Planetary Fortress  
  128  17:58  Command Center  
  128  18:02  Thor  
  128  18:04  Factory  
  134  18:09  Marine x3  
  134  18:12  Marine x2  
  129  18:13  Marauder, Orbital Command, Marine  
  129  18:15  SCV x2  
  129  18:18  Liberator x2  
  133  18:31  Marine x6  
  133  18:32  Marine  
  109  18:34  Marine x2  
  111  18:41  SCV  
  111  18:42  SCV  
  111  18:43  SCV  
  111  18:46  Terran Vehicle Weapons Level 2  
  114  18:49  Marine x2  
  114  18:51  Factory Reactor  
  114  18:52  Siege Tank  
  114  18:53  Marine x5  
  114  18:54  SCV x2, Marine, Marauder  
  114  18:55  SCV  
  130  19:06  SCV x2, Barracks  
  130  19:07  Marine  
  130  19:08  Barracks  
  133  19:11  SCV  
  133  19:14  Marine x6  
  140  19:18  SCV, Medivac  
  116  19:33  Marine x5  
  116  19:34  Marauder  
  116  19:36  Marine x3  
  116  19:37  Siege Tank  
  118  19:44  Command Center  
  111  19:50  Marine, Widow Mine x2  
  111  19:51  Marine x4  
  118  19:54  Medivac, Marine x3  
  118  19:55  Marauder  
  118  19:59  SCV  
  126  20:04  Barracks Tech Lab, Barracks Reactor  
  126  20:05  Barracks Tech Lab  
  125  20:08  Marine  
  125  20:11  SCV  
  127  20:14  Refinery x2  
  127  20:17  Orbital Command  
  127  20:24  SCV  
  127  20:35  Marine x2  
  127  20:36  SCV, Marine  
  122  20:46  Marine x2  
  122  20:47  Marine  
  122  20:48  SCV  
  91  20:59  SCV  
  91  21:00  SCV, Marine  
  91  21:01  Marauder x2, Marine x3  
  101  21:11  SCV  
  101  21:12  SCV  
  103  21:24  SCV x2, Command Center  
  103  21:25  Planetary Fortress  
  105  21:36  SCV  
  100  21:41  Marine  
  100  21:42  Marauder, Marine x6  
  100  21:43  Marauder x2  
  110  21:48  SCV, Marine  
  102  21:59  Marine x3  
  102  22:00  Widow Mine  
  85  22:13  Marine x2  
  85  22:22  Marine x2  
  72  22:25  Orbital Command  
  58  22:37  Medivac x2  
  60  22:49  Marine x2  
  59  23:04  SCV x2  
  45  23:33  SCV  
  45  23:37  SCV  
  46  23:42  Marine  
  46  23:45  SCV  
  48  23:52  Marine x2  
  48  23:54  SCV  
  50  23:57  SCV  
  51  24:06  Marine x3  
  54  24:14  Marine  
  54  24:15  SCV x2  
  57  24:22  Marine x2  
  59  24:27  SCV  
  59  24:30  SCV  
  61  24:39  SCV  
  61  24:42  SCV  
  61  24:51  SCV, Medivac  
  64  24:54  SCV  
  65  25:03  SCV  
  65  25:05  Marine x3  
  65  25:06  SCV  
  70  25:14  Marine x2  
  70  25:15  SCV  
  70  25:17  Marine  
  70  25:18  SCV  
  75  25:27  SCV  
  76  25:33  Marine x2  
  60  25:48  Command Center  
Tags
 
Add a new tag
Caveats
  • Supply blocks, unpowered buildings, or Contaminate may cause inaccurate times.
  • Supply counts are checked every 10 seconds.